 Dungeon Crawl Stone Soup version 0.28-a0-1184-g53156a8862 (webtiles) character file.

Game seed: 1646556710273295363

60 coolguy420 the Conjurer (level 3, 0/19 HPs)
             Began as a Deep Elf Conjurer on Dec 17, 2021.
             Succumbed to an adder's poison
             ... on level 2 of the Dungeon.
             The game lasted 00:01:45 (1271 turns).

coolguy420 the Conjurer (Deep Elf Conjurer)         Turns: 1271, Time: 00:01:45

Health: 0/19       AC:  2    Str:  4    XL:     3   Next: 82%
Magic:  2/10       EV: 12    Int: 24    God:
Gold:   45         SH:  0    Dex: 13    Spells: 8/9 levels left

rFire   . . .      SeeInvis .   (no weapon)
rCold   . . .      Faith    .   (no shield)
rNeg    . . .      Spirit   .   a - +0 robe
rPois   .          Reflect  .   (no helmet)
rElec   .          Harm     .   (no cloak)
rCorr   .          Rampage  .   (no gloves)
Will    .....                   (no boots)
Stlth   ++........              (no amulet)
HPRegen 0.06/turn               (no ring)
MPRegen 0.12/turn               (no ring)

@: lethally poisoned (0 -> -8)
A: no striking features
a: no special abilities


You were on level 2 of the Dungeon.
You visited 1 branch of the dungeon, and saw 2 of its levels.

You collected 45 gold pieces.

Inventory:

Armour
 a - a +0 robe (worn)
Jewellery
 e - a ring of ice
 f - a +6 ring of intelligence
Scrolls
 b - 2 scrolls of identify {unknown}
 c - a scroll of teleportation {unknown}
Potions
 d - a potion of might {unknown}


   Skills:
 + Level 2.5 Dodging
 + Level 2.6 Stealth
 + Level 3.7 Spellcasting
 + Level 5.6 Conjurations


You had 8 spell levels left.
You knew the following spells:

 Your Spells              Type           Power      Damage    Failure   Level
a - Magic Dart            Conj           100%       1d8       1%          1

Your spell library contained the following spells:

 Spells                   Type           Power      Damage    Failure   Level
 Searing Ray              Conj           62%        2d6       1%          2
 Dazzling Flash           Conj/Hex       36%        N/A       10%         3
 Fulminant Prism          Conj/Hex       9%         3d7       30%         4
 Iskenderun's Mystic Bla  Conj/Tloc      18%        2d6       30%         4


Dungeon Overview and Level Annotations

Branches:
Dungeon (2/15)

Altars:
Trog

Shops:
D:2 !


Message History

The gnoll is moderately wounded.
The gnoll shouts!
The magic dart hits the gnoll.
The gnoll is heavily wounded.
An adder comes into view.
A gnoll comes into view. It is wielding a +0 flail.
The magic dart hits the gnoll.
The gnoll is severely wounded.
The gnoll shouts!
The adder hisses angrily.
A dart slug comes into view.
The magic dart hits the gnoll.
The gnoll is almost dead.
The magic dart hits the gnoll.
You kill the gnoll!
A gnoll comes into view. It is wielding a +0 club.
A goblin comes into view. It is wielding a +0 club.
The magic dart hits the gnoll.
The gnoll is moderately wounded.
The gnoll shouts!
The magic dart hits the gnoll.
The gnoll is heavily wounded.
The magic dart hits the gnoll.
The gnoll is severely wounded.
The adder bites you.
You are poisoned.
The adder poisons you! The gnoll hits you with a +0 club!
The adder barely misses you.
You feel sick.
You feel sick. The gnoll completely misses you.
You feel sick. The adder barely misses you.
You feel sick.
You feel sick.
You are no longer poisoned.
An endoplasm comes into view.
The adder barely misses you. The adder bites you.
* * * LOW HITPOINT WARNING * * *
You are lethally poisoned!
The adder poisons you!
There is a stone staircase leading up here.
You die...

.... ##.........#...._..
#.............. .... #.
...J......# ###.
.........### .
###...##......$#... #
##..........gg.... #
..........##).#.# #
#......@g##g...# #
.#..>....S..g.### #
..........g..######## #
##.........#........##
#........#########..####
#........# ##.##..
#........# #.....
#........# ####..
########## ###


You could see 2 gnolls, an adder, an endoplasm and a goblin.

Vanquished Creatures
  2 adders (D:2)
  A gnoll (D:2)
  8 endoplasms
  A giant cockroach (D:1)
  2 goblins
  3 hobgoblins (D:1)
  2 jackals (D:1)
  3 kobolds
  A quokka (D:1)
  A ball python (D:1)
  A bat (D:1)
  2 frilled lizards
  3 rats
30 creatures vanquished.

Notes
Turn   | Place    | Note
-------+----------+-------------------------------------------
     0 | D:1      | coolguy420 the Deep Elf Conjurer began the quest for the
                  | Orb.
     0 | D:1      | Reached XP level 1. HP: 10/10 MP: 6/6
   462 | D:1      | Reached XP level 2. HP: 15/15 MP: 4/8
   599 | D:1      | Reached skill level 5 in Conjurations
   936 | D:2      | Found a bloodstained altar of Trog.
   939 | D:2      | Reached XP level 3. HP: 19/19 MP: 6/9
  1129 | D:2      | Found Roen's Distillery.
  1271 | D:2      | Succumbed to an adder's poison

Illustrated notes

Levels and vault maps discovered:
D:1:      elethiomel_arrival_maze, layout_basic
D:2:      layout_rooms, serial_shops,
          nicolae_shop_temple_entry_statues_fountains, basic_altar,
          serial_park_tiny_2, minmay_distorted

Skill      XL: |  1  2 |
---------------+-------+-----
Conjurations   | 5 |  5.6
Dodging        | |  2.5
Stealth        | |  2.6
Spellcasting   | |  3.7

Action                   || total
-------------------------++-------
Melee: Unarmed           ||     2
 Cast: Magic Dart        ||    59
Dodge: Dodged            ||     5

Table legend: (Time is in decaauts)
 A = Elapsed time spent in this place.
 B = Non-inter-level travel time spent in this place.
 C = Inter-level travel time spent in this place.
 D = Time resting spent in this place.
 E = Time spent auto-exploring this place.
 F = Levels seen in this place.
 G = Mean time per level.
                   A        B        C        D        E       F      G
               +--------+--------+--------+--------+--------+-----+--------+
         Total |   1270 |   1215 |     55 |      0 |   1088 |   2 |  635.0 |
       Dungeon |   1270 |   1215 |     55 |      0 |   1088 |   2 |  635.0 |
               +--------+--------+--------+--------+--------+-----+--------+

Top non-repeatable levels by time:
     D:1: 936 daAuts
     D:2: 334 daAuts
